TOP OF THE 1ST |
St Charles Sheens batting - Pitching for Jersey Shore D-Bags : RHP José Ramos
|
Pitching: RHP José Ramos
|
|
Batting: LHB Larry Howard
|
0-0: Ball 1-0: Ball 2-0: Called Strike 2-1: Ball 3-1: Swinging Strike 3-2: Ground out 4-3 (Groundball, 4)
|
Batting: RHB Alfredo Hernández
|
0-0: Ball 1-0: Called Strike 1-1: Ground out 4-3 (Groundball, 4)
|
Batting: LHB Stan Bates
|
0-0: Called Strike 0-1: Fly out, F9 (Flyball, 89XD)
|
Top of the 1st over - 0 run(s), 0 hit(s), 0 error(s), 0 left on base; St Charles 0 - Jersey Shore 0 |
BOTTOM OF THE 1ST |
Jersey Shore D-Bags batting - Pitching for St Charles Sheens : LHP Paul Adams
|
Pitching: LHP Paul Adams
|
|
Batting: RHB Ricardo González
|
0-0: Ball 1-0: Foul Ball, location: 2F 1-1: Ball 2-1: Foul Ball, location: 2F 2-2: SINGLE (Groundball, 6D)
|
Batting: RHB Millard Boyd
|
0-0: Ball 1-0: Grounds into double play, 5-4-3 (Groundball, 56)
|
Batting: RHB Miguel Serna
|
0-0: Ball 1-0: Called Strike 1-1: Called Strike 1-2: Foul Ball, location: 2F 1-2: Ball 2-2: Fly out, F8 (Flyball, 8LM)
|
Bottom of the 1st over - 0 run(s), 1 hit(s), 0 error(s), 0 left on base; St Charles 0 - Jersey Shore 0 |
TOP OF THE 2ND |
St Charles Sheens batting - Pitching for Jersey Shore D-Bags : RHP José Ramos
|
Batting: RHB Max Rash
|
0-0: Ball 1-0: Called Strike 1-1: Called Strike 1-2: Ball 2-2: Ball 3-2: DOUBLE (Line Drive, 89M)
|
Batting: LHB Juan Jose Rojas
|
0-0: Foul Ball, location: 2F 0-1: Ball 1-1: Ground out 6-3 (Groundball, 6)
|
Batting: LHB Kyle Harrison
|
0-0: Ball 1-0: Called Strike 1-1: Foul Ball, location: 2F 1-2: Ground out 4-3 (Groundball, 4) Max Rash to third
|
Batting: RHB Jesús Hernández
|
0-0: Called Strike 0-1: DOUBLE (Line Drive, 7LD) Max Rash scores
|
Batting: RHB Ben Dougherty
|
0-0: Fly out, F8 (Flyball, 78M)
|
Top of the 2nd over - 1 run(s), 2 hit(s), 0 error(s), 1 left on base; St Charles 1 - Jersey Shore 0 |
BOTTOM OF THE 2ND |
Jersey Shore D-Bags batting - Pitching for St Charles Sheens : LHP Paul Adams
|
Batting: LHB Dave Dodd
|
0-0: Ball 1-0: DOUBLE (Line Drive, 8LXD)
|
Batting: RHB Luis Ríos
|
0-0: Called Strike 0-1: Called Strike 0-2: Ball 1-2: Ball 2-2: Foul Ball, location: 2F 2-2: Ball 3-2: Foul Ball, location: 2F 3-2: SINGLE (Line Drive, 56) Dave Dodd to third Runner from 3rd tries for Home, SAFE, throw made home Luis Ríos to second
|
Batting: LHB António Cedeño
|
0-0: Ball Wild Pitch! Luis Ríos to third 1-0: Called Strike 1-1: Ball 2-1: DOUBLE (Flyball, 89XD) Luis Ríos scores
|
Batting: LHB Pat Zimmerman
|
0-0: Swinging Strike 0-1: Ball 1-1: Called Strike 1-2: Ball 2-2: Foul Ball, location: 2F 2-2: Foul Ball, location: 2F 2-2: Foul Ball, location: 2F 2-2: Foul Ball, location: 2F 2-2: DOUBLE (Flyball, 7LD) António Cedeño scores
|
Batting: LHB Ed Murray
|
0-0: Called Strike 0-1: SINGLE (Line Drive, 4M) Pat Zimmerman to third Runner from 3rd tries for Home, SAFE, no throw
|
Batting: LHB Juan Hernández
|
0-0: Ball 1-0: Ball 2-0: Ground out U3 (Groundball, 34) Ed Murray to second
|
Batting: RHB Ricardo González
|
0-0: Ball 1-0: Ball 2-0: Ball 3-0: Base on Balls
|
Batting: RHB Millard Boyd
|
0-0: Called Strike 0-1: Foul Ball, location: 2F 0-2: Ball Wild Pitch! Ed Murray to third Ricardo González to second 1-2: 3-RUN HOME RUN (Flyball, 7D), Distance : 360 ft
|
Batting: RHB Miguel Serna
|
0-0: Foul Ball, location: 2F 0-1: Ball 1-1: Ball 2-1: DOUBLE (Flyball, 8LD)
|
Batting: LHB Dave Dodd
|
0-0: Called Strike 0-1: Ball 1-1: Ball 2-1: Foul Ball, location: 2F 2-2: Ball 3-2: Strikes out looking
|
Pitching: RHP Joe O'Sullivan
|
|
Batting: RHB Luis Ríos
|
0-0: Swinging Strike 0-1: SINGLE (Groundball, 6MD) Miguel Serna to third Runner from 3rd tries for Home, SAFE, no throw
|
Batting: LHB António Cedeño
|
0-0: Ground out 1-3 (Groundball, 13)
|
Bottom of the 2nd over - 8 run(s), 8 hit(s), 0 error(s), 1 left on base; St Charles 1 - Jersey Shore 8 |
TOP OF THE 3RD |
St Charles Sheens batting - Pitching for Jersey Shore D-Bags : RHP José Ramos
|
Batting: RHB Dan Tyler
|
0-0: Called Strike 0-1: Swinging Strike 0-2: Ball 1-2: Foul Ball, location: 2F 1-2: Fly out, F8 (Flyball, 8LD)
|
Batting: LHB Larry Howard
|
0-0: Fly out, F8 (Flyball, 8RD)
|
Batting: RHB Alfredo Hernández
|
0-0: Ball 1-0: SINGLE (Groundball, 56D)
|
Batting: LHB Stan Bates
|
0-0: Foul Ball, location: 2F 0-1: Swinging Strike 0-2: SINGLE (Line Drive, 9LS) Alfredo Hernández to second
|
Batting: RHB Max Rash
|
0-0: Ball 1-0: Foul Ball, location: 2F 1-1: Ball 2-1: Foul Ball, location: 2F 2-2: Strikes out looking
|
Top of the 3rd over - 0 run(s), 2 hit(s), 0 error(s), 2 left on base; St Charles 1 - Jersey Shore 8 |
BOTTOM OF THE 3RD |
Jersey Shore D-Bags batting - Pitching for St Charles Sheens : RHP Joe O'Sullivan
|
Batting: LHB Pat Zimmerman
|
0-0: SINGLE (Groundball, 34D)
|
Batting: LHB Ed Murray
|
0-0: Called Strike 0-1: Fielders Choice at 2nd, 1-4 (Groundball, 15S)
|
Batting: LHB Juan Hernández
|
0-0: Called Strike 0-1: Ball 1-1: Foul Ball, location: 2F 1-2: Ball 2-2: Strikes out swinging
|
Batting: RHB Ricardo González
|
0-0: Ball 1-0: Ground out 5-3 (Groundball, 56)
|
Bottom of the 3rd over - 0 run(s), 1 hit(s), 0 error(s), 1 left on base; St Charles 1 - Jersey Shore 8 |
TOP OF THE 4TH |
St Charles Sheens batting - Pitching for Jersey Shore D-Bags : RHP José Ramos
|
Batting: LHB Juan Jose Rojas
|
0-0: Swinging Strike 0-1: Ball 1-1: Called Strike 1-2: SINGLE (Line Drive, 6D)
|
Batting: LHB Kyle Harrison
|
0-0: Ball 1-0: Ball 2-0: Foul Ball, location: 2F 2-1: Foul Ball, location: 2F 2-2: Foul Ball, location: 2F 2-2: Foul Ball, location: 2F 2-2: Strikes out swinging
|
Batting: RHB Jesús Hernández
|
0-0: Fly out, F9 (Flyball, 9S)
|
Batting: RHB Ben Dougherty
|
0-0: Fielders Choice at 2nd, 6-4 (Groundball, 6)
|
Top of the 4th over - 0 run(s), 1 hit(s), 0 error(s), 0 left on base; St Charles 1 - Jersey Shore 8 |
BOTTOM OF THE 4TH |
Jersey Shore D-Bags batting - Pitching for St Charles Sheens : RHP Joe O'Sullivan
|
Batting: RHB Millard Boyd
|
0-0: Foul Ball, location: 2F 0-1: Foul Ball, location: 2F 0-2: Ball 1-2: Ball 2-2: Foul Ball, location: 2F 2-2: Ball 3-2: Foul Ball, location: 2F 3-2: Fly out, F7 (Flyball, 7)
|
Batting: RHB Miguel Serna
|
0-0: Foul Ball, location: 2F 0-1: Swinging Strike 0-2: Ball 1-2: SINGLE (Flyball, 89S)
|
Batting: LHB Dave Dodd
|
0-0: Ball Miguel Serna steals 2nd base 1-0: Called Strike 1-1: Ball 2-1: Foul Ball, location: 2F 2-2: Foul Ball, location: 2F 2-2: Ground out 1-3 (Groundball, 13) Miguel Serna to third
|
Batting: RHB Luis Ríos
|
0-0: Ball 1-0: SINGLE (Flyball, 78S) Miguel Serna scores
|
Batting: LHB António Cedeño
|
0-0: Ball 1-0: Called Strike 1-1: Ball 2-1: Ball 3-1: Fielders Choice at 2nd, 4-6 (Groundball, 4)
|
Bottom of the 4th over - 1 run(s), 2 hit(s), 0 error(s), 0 left on base; St Charles 1 - Jersey Shore 9 |
TOP OF THE 5TH |
St Charles Sheens batting - Pitching for Jersey Shore D-Bags : RHP José Ramos
|
Batting: RHB Dan Tyler
|
0-0: Ball 1-0: Ball 2-0: Foul Ball, location: 2F 2-1: Ball 3-1: Base on Balls
|
Batting: LHB Larry Howard
|
0-0: Ball 1-0: Ball 2-0: SINGLE (Groundball, 4MD) Dan Tyler to second Runner from 2nd tries for 3rd, SAFE, no throw
|
Batting: RHB Alfredo Hernández
|
0-0: Ball 1-0: Ball 2-0: Fly out, F9 (Line Drive, 89M) Runner from 3rd tags up, SCORES, throw made
|
Batting: LHB Stan Bates
|
0-0: Ball 1-0: Fly out, F7 (Flyball, 7D)
|
Batting: RHB Max Rash
|
0-0: Called Strike 0-1: SINGLE (Groundball, 34D) Larry Howard to second Runner from 2nd tries for 3rd, SAFE, no throw
|
Batting: LHB Juan Jose Rojas
|
0-0: Ball Wild Pitch! Larry Howard scores Max Rash to second 1-0: Called Strike 1-1: Ball 2-1: Ball 3-1: Ground out 6-3 (Groundball, 6M)
|
Top of the 5th over - 2 run(s), 2 hit(s), 0 error(s), 1 left on base; St Charles 3 - Jersey Shore 9 |
BOTTOM OF THE 5TH |
Jersey Shore D-Bags batting - Pitching for St Charles Sheens : RHP Joe O'Sullivan
|
Batting: LHB Pat Zimmerman
|
0-0: Ball 1-0: Called Strike 1-1: Swinging Strike 1-2: Fly out, F7 (Flyball, 7)
|
Batting: LHB Ed Murray
|
0-0: Foul Ball, location: 2F 0-1: Ball 1-1: Called Strike 1-2: Ball 2-2: Foul Ball, location: 2F 2-2: Fly out, F8 (Flyball, 8LD)
|
Batting: LHB Juan Hernández
|
0-0: Ball 1-0: SINGLE (Line Drive, 9LS)
|
Batting: RHB Ricardo González
|
0-0: Ball 1-0: Ball 2-0: Ball 3-0: Base on Balls Juan Hernández to second
|
Batting: RHB Millard Boyd
|
0-0: Called Strike 0-1: Ball Wild Pitch! Juan Hernández to third Ricardo González to second 1-1: Ball 2-1: Called Strike 2-2: Ball 3-2: Foul Ball, location: 2F 3-2: SINGLE (Line Drive, 7S) Juan Hernández scores Ricardo González to third Ricardo González scores
|
Pitching: RHP Alejandro Longoria
|
|
Batting: RHB Miguel Serna
|
0-0: Called Strike 0-1: Ball 1-1: Called Strike 1-2: Strikes out looking
|
Bottom of the 5th over - 2 run(s), 2 hit(s), 0 error(s), 1 left on base; St Charles 3 - Jersey Shore 11 |
TOP OF THE 6TH |
St Charles Sheens batting - Pitching for Jersey Shore D-Bags : RHP José Ramos
|
Batting: LHB Kyle Harrison
|
0-0: Ground out 4-3 (Groundball, 4)
|
Batting: RHB Jesús Hernández
|
0-0: Swinging Strike 0-1: Ground out 1-3 (Groundball, 15S)
|
Batting: RHB Ben Dougherty
|
0-0: Ball 1-0: Ball 2-0: Ground out 4-3 (Groundball, 4)
|
Top of the 6th over - 0 run(s), 0 hit(s), 0 error(s), 0 left on base; St Charles 3 - Jersey Shore 11 |
BOTTOM OF THE 6TH |
Jersey Shore D-Bags batting - Pitching for St Charles Sheens : RHP Alejandro Longoria
|
Batting: LHB Dave Dodd
|
0-0: Ball 1-0: Ground out 1-3 (Groundball, P)
|
Batting: RHB Luis Ríos
|
0-0: Ball 1-0: Ball 2-0: SINGLE (Groundball, 56D)
|
Batting: LHB António Cedeño
|
0-0: Called Strike Luis Ríos steals 2nd base 0-1: Ball 1-1: Ball 2-1: SINGLE (Groundball, 4MD) Luis Ríos to third Runner from 3rd tries for Home, SAFE, no throw
|
Batting: LHB Pat Zimmerman
|
0-0: Foul Ball, location: 2F 0-1: Foul Ball, location: 2F 0-2: Foul Ball, location: 2F 0-2: Foul Ball, location: 2F 0-2: Fielders Choice at 2nd, 3-6 (Groundball, 34)
|
Batting: LHB Ed Murray
|
0-0: Ball 1-0: Called Strike 1-1: SINGLE (Groundball, 34D) Pat Zimmerman to second Runner from 2nd tries for 3rd, SAFE, throw made to third
|
Batting: LHB Juan Hernández
|
0-0: Called Strike 0-1: Ball 1-1: Ball 2-1: Ball 3-1: Called Strike 3-2: Ground out U3 (Groundball, 3)
|
Bottom of the 6th over - 1 run(s), 3 hit(s), 0 error(s), 2 left on base; St Charles 3 - Jersey Shore 12 |
TOP OF THE 7TH |
St Charles Sheens batting - Pitching for Jersey Shore D-Bags : RHP José Ramos
|
Batting: RHB Dan Tyler
|
0-0: Foul Ball, location: 2F 0-1: Foul Ball, location: 2F 0-2: SINGLE (Line Drive, 89S)
|
Batting: LHB Larry Howard
|
0-0: Reached on error, E3 (Groundball, 34) Dan Tyler to second
|
Batting: RHB Alfredo Hernández
|
0-0: Ball 1-0: Ball 2-0: Foul Ball, location: 2F 2-1: Foul Ball, location: 2F 2-2: Ball 3-2: Strikes out swinging
|
Batting: LHB Stan Bates
|
0-0: Ball 1-0: Foul Ball, location: 2F 1-1: Ball 2-1: Ball 3-1: Called Strike 3-2: Base on Balls Dan Tyler to third Larry Howard to second
|
Batting: RHB Max Rash
|
0-0: Called Strike 0-1: Ball 1-1: Swinging Strike 1-2: SINGLE (Groundball, 6) (infield hit) Dan Tyler scores Larry Howard to third Stan Bates to second
|
Batting: LHB Juan Jose Rojas
|
0-0: Ball 1-0: Fly out, F8 (Flyball, 8LM) Runner from 3rd tags up, SCORES, throw made
|
Batting: LHB Kyle Harrison
|
0-0: Ball 1-0: Ball 2-0: Called Strike 2-1: Ball 3-1: DOUBLE (Groundball, 3L) Stan Bates scores Max Rash to third Runner from 3rd tries for Home, SAFE, no throw
|
Pitching: RHP Barry Garner
|
|
Batting: RHB Jesús Hernández
|
0-0: Called Strike 0-1: Fly out, F9 (Flyball, 9S)
|
Top of the 7th over - 4 run(s), 3 hit(s), 1 error(s), 1 left on base; St Charles 7 - Jersey Shore 12 |
BOTTOM OF THE 7TH |
Jersey Shore D-Bags batting - Pitching for St Charles Sheens : RHP Alejandro Longoria
|
Batting: RHB Ricardo González
|
0-0: Ball 1-0: Foul Ball, location: 2F 1-1: Ball 2-1: Foul Ball, location: 2F 2-2: Foul Ball, location: 2F 2-2: Foul Ball, location: 2F 2-2: Foul Ball, location: 2F 2-2: Ground out 6-3 (Groundball, 6)
|
Batting: RHB Millard Boyd
|
0-0: Reached on error, E6 (Groundball, 6)
|
Batting: RHB Miguel Serna
|
0-0: Called Strike 0-1: Called Strike 0-2: Strikes out swinging
|
Batting: LHB Dave Dodd
|
0-0: Called Strike 0-1: Ball 1-1: SINGLE (Line Drive, 9S) Millard Boyd to second Runner from 2nd tries for 3rd, SAFE, no throw
|
Batting: RHB Luis Ríos
|
0-0: Ball 1-0: Ball 2-0: Ball 3-0: Base on Balls Dave Dodd to second
|
Batting: LHB António Cedeño
|
0-0: Ball 1-0: Foul Ball, location: 2F 1-1: Fielders Choice at 2nd, 6-4 (Groundball, 6)
|
Bottom of the 7th over - 0 run(s), 1 hit(s), 1 error(s), 2 left on base; St Charles 7 - Jersey Shore 12 |
TOP OF THE 8TH |
St Charles Sheens batting - Pitching for Jersey Shore D-Bags : RHP Barry Garner
|
Batting: RHB Ben Dougherty
|
0-0: Ball 1-0: Swinging Strike 1-1: Ball 2-1: Called Strike 2-2: Strikes out swinging
|
Batting: RHB Dan Tyler
|
0-0: Called Strike 0-1: Ball 1-1: Ball 2-1: SINGLE (Groundball, 4S) (infield hit)
|
Batting: LHB Larry Howard
|
0-0: Ball 1-0: SINGLE (Groundball, 4MD) Dan Tyler to second
|
Batting: RHB Alfredo Hernández
|
0-0: Ball Wild Pitch! Dan Tyler to third Larry Howard to second 1-0: Called Strike 1-1: Swinging Strike 1-2: Foul Ball, location: 2F 1-2: Foul Ball, location: 2F 1-2: Ball 2-2: Strikes out swinging
|
Batting: LHB Stan Bates
|
0-0: Ball 1-0: Called Strike 1-1: Foul Ball, location: 2F 1-2: Strikes out looking
|
Top of the 8th over - 0 run(s), 2 hit(s), 0 error(s), 2 left on base; St Charles 7 - Jersey Shore 12 |
BOTTOM OF THE 8TH |
Jersey Shore D-Bags batting - Pitching for St Charles Sheens : RHP Alejandro Longoria
|
Batting: LHB Pat Zimmerman
|
0-0: Foul Ball, location: 2F 0-1: Ball 1-1: Called Strike 1-2: Ball 2-2: SINGLE (Groundball, 6D)
|
Pitching: RHP Pedro Santiago
|
|
Batting: LHB Ed Murray
|
0-0: Ball 1-0: Ball 2-0: Swinging Strike 2-1: SINGLE (Flyball, 89S) Pat Zimmerman to second Runner from 2nd tries for 3rd, SAFE, no throw
|
Batting: LHB Juan Hernández
|
0-0: Ground out U3 (Groundball, 3S) Pat Zimmerman scores Ed Murray to second
|
Batting: RHB Ricardo González
|
0-0: Ball 1-0: Ground out 1-3 (Groundball, P) Ed Murray to third
|
Batting: RHB Millard Boyd
|
0-0: Ball 1-0: Swinging Strike 1-1: DOUBLE (Line Drive, 7LD) Ed Murray scores
|
Batting: RHB Miguel Serna
|
0-0: Ball 1-0: Foul Ball, location: 2F 1-1: Foul Ball, location: 2F 1-2: Fly out, F7 (Flyball, 7)
|
Bottom of the 8th over - 2 run(s), 3 hit(s), 0 error(s), 1 left on base; St Charles 7 - Jersey Shore 14 |
TOP OF THE 9TH |
St Charles Sheens batting - Pitching for Jersey Shore D-Bags : RHP Barry Garner
|
Batting: RHB Max Rash
|
0-0: Called Strike 0-1: Ball 1-1: SOLO HOME RUN (Flyball, 7D), Distance : 369 ft
|
Batting: LHB Juan Jose Rojas
|
0-0: Ball 1-0: Foul Ball, location: 2F 1-1: Foul Ball, location: 2F 1-2: Foul Ball, location: 2F 1-2: Ball 2-2: Strikes out swinging
|
Batting: LHB Kyle Harrison
|
0-0: Ball 1-0: Ball 2-0: Ball 3-0: Base on Balls
|
Batting: RHB Jesús Hernández
|
0-0: Fielders Choice at 2nd, 5-4 (Groundball, 56)
|
Batting: RHB Ben Dougherty
|
0-0: Ball 1-0: Called Strike 1-1: Foul Ball, location: 2F 1-2: Strikes out looking
|
Top of the 9th over - 1 run(s), 1 hit(s), 0 error(s), 1 left on base; St Charles 8 - Jersey Shore 14 |
|